 Dungeon Crawl Stone Soup version 0.18-a0-1225-g5d63bca (webtiles) character file.

111 ipx the Chopper (level 5, -1/41 HPs)
             Began as a Human Abyssal Knight on Feb 3, 2016.
             Was a Believer of Lugonu.
             Slain by a worker ant (3 damage)
             ... on level 4 of the Dungeon.
             The game lasted 00:09:29 (677 turns).

ipx the Chopper (Human Abyssal Knight)               Turns: 677, Time: 00:09:30

Health: -1/41      AC:  6    Str: 14    XL:     5   Next: 15%
Magic:  7/7        EV:  9    Int: 18    God:    Lugonu [**....]
Gold:   83         SH:  0    Dex: 15    Spells: 0 memorised, 4 levels left

rFire  . . .     SeeInvis .     a - +1 hand axe
rCold  . . .     Gourm    .     r - +0 scale mail
rNeg   . . .     Faith    .     (no shield)
rPois  .         Spirit   .     (no helmet)
rElec  .         Dismiss  .     (no cloak)
rCorr  +         Reflect  .     (no gloves)
SustAt .         Harm     .     (no boots)
MR     .....     Rnd*Rage +     (no amulet)
Stlth  ..........               S - +2 ring of strength (curse)
                                C - ring of resist corrosion

@: brilliant, very slightly contaminated, hasted, very quick, not resistant to
hostile enchantments, extremely unstealthy
A: agile 1, berserk 1
a: Depart the Abyss, Bend Space, Renounce Religion


You were on level 4 of the Dungeon.
You worshipped Lugonu.
Lugonu was pleased with you.
You were not hungry.

You visited 1 branch of the dungeon, and saw 4 of its levels.
You visited the Abyss 1 time.

You collected 83 gold pieces.

Inventory:

Hand Weapons
 a - a +1 hand axe (weapon)
Missiles
 h - 14 bolts of frost
 m - 19 arrows of frost
Armour
 b - a +0 leather armour
 p - a cursed +0 pair of gloves
 r - a +0 scale mail (worn)
Jewellery
 C - a ring of resist corrosion (left hand)
 S - a cursed +2 ring of strength (right hand)
Wands
 w - a wand of acid (5/15)
Scrolls
 f - 2 scrolls of remove curse {unknown}
 g - 2 scrolls of teleportation {unknown}
 q - a scroll of enchant armour {unknown}
 s - a scroll of blinking {unknown}
Potions
 d - a potion of flight
 n - a potion of heal wounds {unknown}
Comestibles
 c - a bread ration
 k - 3 fruits
 o - a slice of pizza


   Skills:
 - Level 3.0 Fighting
 + Level 4.4 Axes
 - Level 2.0 Armour
 - Level 1.0 Dodging
 + Level 3.0 Invocations


You had 4 spell levels left.
You didn't know any spells.

Dungeon Overview and Level Annotations

Branches:
Dungeon (4/15)
 Temple: D:4-7

Altars:
Cheibriados

Annotations:
D:4 Grinder


Innate Abilities, Weirdness & Mutations

You are agile. (Dex +2)
You tend to lose your temper in combat.


Message History

You feel agile.
You feel a little pissed off. Grinder hits you!
* * * LOW HITPOINT WARNING * * *
You writhe in agony.
* * * LOW HITPOINT WARNING * * *
The worker ant barely misses you.
Drink which item? (? for menu, Esc to quit)
It was a potion of haste.
You feel yourself speed up. Grinder hits you.
* * * LOW HITPOINT WARNING * * *
You writhe in agony.
* * * LOW HITPOINT WARNING * * *
The worker ant closely misses you.
You are very lightly contaminated with residual magic.
Unknown command.
You closely miss the worker ant.
The worker ant is moderately wounded.
You barely miss Grinder.
Grinder is lightly wounded.
Grinder barely misses you. The worker ant bites you.
You die...

#. #. #. #. . #. .#
.....######.### #.#
#..........5a.# ...#
#...........@.#+#...
#...............$...
#..........#.##.#...
#..........#....# #
#..........###.##
#..............#
#..............+
#.#.............##
#........_......#


You could see Grinder and a worker ant.

Vanquished Creatures
  2 hounds (D:4)
  Terence (D:3)
  A giant gecko (D:1)
  2 bats
  2 giant cockroaches (D:4)
  A hobgoblin (D:1)
  3 kobolds
  A giant newt (D:2)
  7 goblins
  A jackal skeleton (D:4)
  4 rats
25 creatures vanquished.

Notes
Turn   | Place    | Note
--------------------------------------------------------------
     0 | Abyss:1  | ipx the Human Abyssal Knight began the quest for the Orb.
     0 | Abyss:1  | Reached XP level 1. HP: 18/18 MP: 2/2
    33 | D:1      | Escaped the Abyss
   177 | D:1      | Reached XP level 2. HP: 24/24 MP: 3/3
   462 | D:3      | Reached XP level 3. HP: 26/29 MP: 4/4
   490 | D:3      | Noticed Terence
   498 | D:3      | Killed Terence
   524 | D:3      | Reached ** piety under Lugonu
   582 | D:4      | Reached skill level 4 in Axes
   582 | D:4      | Reached XP level 4. HP: 28/35 MP: 5/5
   614 | D:4      | Reached XP level 5. HP: 18/41 MP: 5/7
   643 | D:4      | Found a snail-covered altar of Cheibriados.
   665 | D:4      | Noticed Grinder
   675 | D:4      | Gained mutation: You are agile. (Dex +2) [potion of mutation]
   675 | D:4      | Gained mutation: You tend to lose your temper in combat. [potion of mutation]
   676 | D:4      | HP: 2/41 [Grinder (4)]
   677 | D:4      | Slain by a worker ant

Vault maps used:
D:1:      co_arrival_hexagon_in_a_hexagon
D:2:      tgw_trog
D:3:      minmay_strange_pillars, uniq_terence
D:4:      cheibriados_altar_1, nicolae_ossuary_entry_plus, serial_shops, shop,
          uniq_grinder
Abyss:1:  hangedman_abyss_or_decor_slice

Action                   |  1- 3 |  4- 6 || total
-------------------------+-------+-------++-------
Melee: Hand axe          |    71 |    20 ||    91
Evoke: Wand              |     2 |       ||     2
  Use: Scroll            |     2 |       ||     2
       Potion            |       |     5 ||     5
